 Dungeon Crawl Stone Soup version 0.21.1-1-g345015f (webtiles) character file.

175 tidbits the Charmwright (level 5, -4/43 HPs)
             Began as a Gnoll Skald on June 24, 2018.
             Slain by a gnoll (5 damage)
             ... on level 3 of the Dungeon.
             The game lasted 00:04:15 (388 turns).

tidbits the Charmwright (Gnoll Skald)                Turns: 388, Time: 00:04:16

Health: -4/43      AC:  3    Str: 13    XL:     5   Next: 55%
Magic:  2/12       EV: 14    Int: 16    God:
Gold:   30         SH:  0    Dex: 15    Spells: 3/14 levels left

rFire    + . .     SeeInvis .   a - +0 war axe
rCold    + . .     Gourm    .   (no shield)
rNeg     . . .     Faith    .   b - +0 leather armour
rPois    +         Spirit   .   (no helmet)
rElec    +         Reflect  .   (no cloak)
rCorr    +         Harm     .   (no gloves)
MR       .....                  (no boots)
Stlth    ++........             (no amulet)
HPRegen  0.14/turn              (no ring)
MPRegen  0.13/turn              (no ring)

@: resistant, singing
A: distributed training, fangs 1, strong nose
a: no special abilities


You were on level 3 of the Dungeon.
You were not hungry.

You visited 1 branch of the dungeon, and saw 4 of its levels.

You collected 30 gold pieces.

Inventory:

Hand Weapons
 a - a +0 war axe (weapon)
 f - a +0 hand axe
 i - a +0 flail
 j - a +0 dagger
 k - a +0 hunting sling
Missiles
 l - 15 stones (quivered)
Armour
 b - a +0 leather armour (worn)
 e - a +1 ring mail
Scrolls
 h - a scroll of identify {unknown}
Books
 c - a book of Battle

   Spells                             Type                      Level
   a - Infusion                       Charms                       1
   b - Shroud of Golubria             Charms/Translocation         2
   c - Song of Slaying                Charms                       2
   d - Spectral Weapon                Hexes/Charms                 3
   e - Regeneration                   Charms/Necromancy            3
Comestibles
 d - 2 rations


   Skills:
 + Level 4.8 Fighting
 + Level 1.5 Short Blades
 + Level 1.5 Long Blades
 + Level 4.8 Axes
 + Level 1.5 Maces & Flails
 + Level 1.5 Polearms
 + Level 1.5 Staves
 + Level 1.5 Slings
 + Level 1.5 Bows
 + Level 1.5 Crossbows
 + Level 1.5 Throwing
 + Level 3.0 Armour
 + Level 4.8 Dodging
 + Level 1.5 Stealth
 + Level 1.5 Shields
 + Level 1.5 Unarmed Combat
 + Level 5.2 Spellcasting
 + Level 1.2 Conjurations
 + Level 1.2 Hexes
 + Level 5.5 Charms
 + Level 1.2 Summonings
 + Level 1.2 Necromancy
 + Level 1.2 Translocations
 + Level 1.2 Transmutations
 + Level 1.2 Fire Magic
 + Level 1.2 Ice Magic
 + Level 1.2 Air Magic
 + Level 1.2 Earth Magic
 + Level 1.2 Poison Magic
 + Level 1.7 Invocations
 + Level 1.5 Evocations


You had 3 spell levels left.
You knew the following spells:

 Your Spells              Type           Power        Failure   Level  Hunger
g - Shroud of Golubria    Chrm/Tloc      ###.......   7%          2    #......
i - Infusion              Chrm           ###.         1%          1    None
r - Regeneration          Chrm/Necr      ###.......   14%         3    ###....
w - Spectral Weapon       Hex/Chrm       ###.....     14%         3    ###....
y - Song of Slaying       Chrm           ###.....     3%          2    #......


Dungeon Overview and Level Annotations

Branches:
Dungeon (4/15)
 Temple: D:4-7

Altars:
Sif Muna
Vehumet
Wu Jian

Annotations:
D:3 lotte's ghost, amateur DDBe


Innate Abilities, Weirdness & Mutations

Your experience applies equally to all skills.
You have very sharp teeth.
Your uncanny sense of smell can sniff out nearby items.


Message History

The hobgoblin shouts!
You hear a shout! x4; The kobold shouts!
You hear a shout!
Unknown command.
You hear a shout!
There is a stone staircase leading down here.
You climb downwards.
A giant cockroach comes into view.
There is a stone staircase leading up here.
A centaur skeleton comes into view.
Found a scroll labeled FICSEITIC.
Casting: Song of Slaying
Confirm with . or Enter, or press ? or * to list all spells.
You draw out your weapon's spirit!
Casting: Spectral Weapon
Confirm with . or Enter, or press ? or * to list all spells.
Space distorts slightly along a thin shroud covering your body.
You hit the centaur skeleton.
The centaur skeleton is lightly damaged.
Your spectral weapon hits the centaur skeleton!
The centaur skeleton hits your spectral weapon!
Your spectral weapon shares its damage with you!
You hit the centaur skeleton.
You bite the centaur skeleton, but do no damage.
The centaur skeleton is severely damaged.
Your spectral weapon hits the centaur skeleton!
You destroy the centaur skeleton!
Found an escape hatch in the floor.
You see here a scroll labeled FICSEITIC.
m - a scroll labeled FICSEITIC
As you read the scroll labeled FICSEITIC, it crumbles to dust.
It is a scroll of enchant armour.
Your ring mail glows green for a moment.
You swap places.
Your spectral weapon fades away.
Unknown command.
Found a stone staircase leading up.
There is a stone staircase leading up here.
Your shroud begins to fray at the edges.
You climb upwards.
The orc priest shouts!
You hear a shout! x2
There is a stone staircase leading down here.
Unknown command.
Unknown command.
Casting: Shroud of Golubria
Confirm with . or Enter, or press ? or * to list all spells.
You draw out your weapon's spirit!
The orc priest hits your spectral weapon.
Your spectral weapon shares its damage with you!
A gnoll comes into view. It is wielding a halberd.
The gnoll throws a throwing net.
The throwing net barely misses your spectral weapon.
The throwing net hits you.
You become entangled in the net!
The orc priest mumbles some strange prayers to Beogh against you.
You barely resist.
You see here a throwing net {!f}.
You struggle against the net.
A gnoll comes into view. It is wielding a spear.
You struggle against the net.
Your shroud unravels.
The orc priest hits you.
Unknown command.
You struggle against the net.
The orc priest mumbles some strange prayers to Beogh against you.
Beogh smites you!
* * * LOW HITPOINT WARNING * * *
You rip the net and break free!
The orc priest closely misses you.
Casting: Spectral Weapon
Confirm with . or Enter, or press ? or * to list all spells.
You start singing a song of slaying.
You hear a shout!
The orc priest mumbles some strange prayers to Beogh against you.
Beogh smites you!
* * * LOW HITPOINT WARNING * * *
It was a potion of resistance.
You feel protected. The gnoll barely misses you.
The orc priest closely misses you.
A goblin and a gnoll come into view.
You slash the orc priest!
The orc priest is severely wounded.
Your spectral weapon misses the orc priest.
Your spectral weapon hits the gnoll.
Your spectral weapon hits the gnoll!
The gnoll closely misses your spectral weapon.
The gnoll hits you from afar with a spear.
* * * LOW HITPOINT WARNING * * *
The orc priest begins to cast a cantrip, but forgets the words!
A rat, a gnoll and a player ghost come into view.
You slash the orc priest!
You kill the orc priest!
Your Armour skill increases to level 3!
The gnoll misses you.
The gnoll hits your spectral weapon with a halberd!
Your spectral weapon shares its damage with you!
* * * LOW HITPOINT WARNING * * *
A gnoll comes into view. It is wielding a club.
You hear a shout! x2
The gnoll hits your spectral weapon from afar with a halberd!
Your spectral weapon shares its damage with you!
Your spectral weapon fades away.
The gnoll hits you.
You die...

...#.........).#
##.####...##.### ###
#..(.(#.# . ###.....#
##. ∆∆#...### ... ##
∆∆#(..# ##.#.# ≈≈###
#(..######.g..
≈≈≈≈####((..W....g#
≈≈.........g.gg.@.#
..........(g..........#
.........†[.....r.......
#.######...#####..###...
.. #...... .... .. #.
#...### ##.## # # #.(.#
.# ##...## # .. #
.....#...


You could see lotte's ghost, 5 gnolls, a goblin and a rat.

Vanquished Creatures
  2 orc priests (D:3)
  A centaur skeleton (D:4)
  5 adders
  3 worms (D:2)
  A dart slug (D:2)
  A leopard gecko (D:2)
  5 orcs
  2 bats
  5 goblins
  5 hobgoblins
  2 frilled lizards (D:2)
  A rat (D:2)
33 creatures vanquished.

Vanquished Creatures (others)
  A spectral weapon (D:3)
1 creature vanquished.

Grand Total: 34 creatures vanquished

Notes
Turn   | Place    | Note
-------+----------+-------------------------------------------
     0 | D:1      | tidbits the Gnoll Skald began the quest for the Orb.
     0 | D:1      | Reached XP level 1. HP: 20/20 MP: 6/6
    35 | D:2      | Reached XP level 2. HP: 20/26 MP: 0/7
    39 | D:2      | Learned a level 2 spell: Song of Slaying
    42 | D:2      | Learned a level 2 spell: Shroud of Golubria
    95 | D:2      | Reached skill level 5 in Spellcasting
    95 | D:2      | Reached XP level 3. HP: 19/31 MP: 3/9
   108 | D:1      | Learned a level 3 spell: Regeneration
   112 | D:1      | Learned a level 3 spell: Spectral Weapon
   126 | D:2      | Found a deep blue altar of Sif Muna.
   132 | D:2      | Reached skill level 1 in Invocations
   135 | D:2      | Found an ornate altar of the Wu Jian Council.
   137 | D:2      | Found a radiant altar of Vehumet.
   172 | D:2      | Reached skill level 1 in Short Blades
   172 | D:2      | Reached skill level 1 in Long Blades
   172 | D:2      | Reached skill level 1 in Maces & Flails
   172 | D:2      | Reached skill level 1 in Polearms
   172 | D:2      | Reached skill level 1 in Staves
   172 | D:2      | Reached skill level 1 in Slings
   172 | D:2      | Reached skill level 1 in Bows
   172 | D:2      | Reached skill level 1 in Crossbows
   172 | D:2      | Reached skill level 1 in Throwing
   172 | D:2      | Reached skill level 1 in Stealth
   172 | D:2      | Reached skill level 1 in Shields
   172 | D:2      | Reached skill level 1 in Unarmed Combat
   172 | D:2      | Reached skill level 1 in Evocations
   190 | D:2      | Reached XP level 4. HP: 17/38 MP: 1/11
   280 | D:3      | Reached skill level 1 in Conjurations
   280 | D:3      | Reached skill level 1 in Hexes
   280 | D:3      | Reached skill level 1 in Summonings
   280 | D:3      | Reached skill level 1 in Necromancy
   280 | D:3      | Reached skill level 1 in Translocations
   280 | D:3      | Reached skill level 1 in Transmutations
   280 | D:3      | Reached skill level 1 in Fire Magic
   280 | D:3      | Reached skill level 1 in Ice Magic
   280 | D:3      | Reached skill level 1 in Air Magic
   280 | D:3      | Reached skill level 1 in Earth Magic
   280 | D:3      | Reached skill level 1 in Poison Magic
   300 | D:3      | Reached XP level 5. HP: 20/43 MP: 2/12
   384 | D:3      | HP: 4/43 [orc priest/divine providence (11)]
   387 | D:3      | Noticed lotte's ghost (amateur DDBe)
   387 | D:3      | Reached skill level 3 in Armour
   387 | D:3      | HP: 1/43 [gnoll/halberd (3)]
   388 | D:3      | Slain by a gnoll

Skill      XL: |  1  2  3  4  5 |
---------------+----------------+-----
Spellcasting   | 5 |  5.2
Invocations    | 1 |  1.7
Short Blades   | 1 |  1.5
Long Blades    | 1 |  1.5
Maces & Flails | 1 |  1.5
Polearms       | 1 |  1.5
Staves         | 1 |  1.5
Slings         | 1 |  1.5
Bows           | 1 |  1.5
Crossbows      | 1 |  1.5
Throwing       | 1 |  1.5
Stealth        | 1 |  1.5
Shields        | 1 |  1.5
Unarmed Combat | 1 |  1.5
Evocations     | 1 |  1.5
Conjurations   | 1 |  1.2
Hexes          | 1 |  1.2
Summonings     | 1 |  1.2
Necromancy     | 1 |  1.2
Translocations | 1 |  1.2
Transmutations | 1 |  1.2
Fire Magic     | 1 |  1.2
Ice Magic      | 1 |  1.2
Air Magic      | 1 |  1.2
Earth Magic    | 1 |  1.2
Poison Magic   | 1 |  1.2
Armour         | 3 |  3.0
Fighting       | |  4.8
Axes           | |  4.8
Dodging        | |  4.8
Charms         | |  5.5

Action                   |  1- 3 |  4- 6 || total
-------------------------+-------+-------++-------
Melee: Hand axe          |     8 |       ||     8
       War axe           |    30 |    27 ||    57
       Bite              |     1 |     5 ||     6
 Cast: Infusion          |     1 |       ||     1
       Song of Slaying   |     3 |     3 ||     6
       Shroud of Golubri |     1 |     2 ||     3
       Spectral Weapon   |     2 |     3 ||     5
       Regeneration      |       |     1 ||     1
  Use: Scroll            |       |     1 ||     1
       Potion            |       |     1 ||     1
Armor: Leather armour    |     5 |     3 ||     8
Dodge: Dodged            |    30 |    28 ||    58

Table legend:
 A = Turns spent in this place as a percentage of turns spent in the entire game.
 B = Non-inter-level travel turns spent in this place as a percentage of non-inter-level travel turns spent in the entire game.
 C = Inter-level travel turns spent in this place as a percentage of turns spent in this place.
 D = Turns resting spent in this place as a percentage of non-inter-level travel turns spent in this place.
 E = Turns spent auto-exploring this place as a percentage of non-inter-level travel turns spent in this place.
 F = Non-inter-level travel turns spent in this place divided by the number of levels of this place that you've seen.
                   A       B       C       D       E      F
               +-------+-------+-------+-------+-------+----------------------
         Total | 100.0 | 100.0 |   0.0 |   0.0 |   0.0 |  97.0
       Dungeon | 100.0 | 100.0 |   0.0 |   0.0 |   0.0 |  97.0
               +-------+-------+-------+-------+-------+----------------------

Table legend:
 A = Kills in this place as a percentage of kills in entire the game.
 B = Kills by you in this place as a percentage of kills by you in the entire game.
 C = Kills by friends in this place as a percentage of kills by friends in the entire game.
 D = Other kills in this place as a percentage of other kills in the entire game.
 E = Experience gained in this place as a percentage of experience gained in the entire game.
 F = Experience gained in this place divided by the number of levels of this place that you have seen.
                   A       B       C       D       E      F
               +-------+-------+-------+-------+-------+----------------------
         Total | 100.0 | 100.0 |   N/A |   N/A | 100.0 |  62.8
       Dungeon | 100.0 | 100.0 |   N/A |   N/A | 100.0 |  62.8
               +-------+-------+-------+-------+-------+----------------------

Vault maps used:
D:1:      dpeg_arrival_leaves_temple_mockup
D:2:      lemuel_crystal_altar, grunt_temple_overflow_open, minmay_misc_feat_x
D:3:      cheibrodos_thug_alley, uniq_ijyb
D:4:      makhleb_grotto_becter, first_ration, uniq_eustachio
